 Dungeon Crawl Stone Soup version 0.31-a0-557-g6e16503903 (webtiles) character file.

Game seed: 6167371610498363515

5401 freelancePsychic the Thaumaturge (level 10, -8/77 HPs)
             Began as a Djinni Shapeshifter on Aug 16, 2023.
             Mangled by a manticore (10 damage)
             ... on level 8 of the Dungeon.
             The game lasted 00:14:30 (9424 turns).

freelancePsychic the Thaumaturge (DjSh)             Turns: 9424, Time: 00:14:30

Health: -8/77      AC:  9    Str: 14    XL:     10   Next: 98%
Gold:   457        EV: 15    Int: 14    God:
                   SH:  0    Dex: 14

rFire   + + .        l - +2 dagger (venom)
rCold   x . .        (no shield)
rNeg    . . .        h - +2 robe {Will+}
rPois   ∞            (no helmet)
rElec   .            (no cloak)
rCorr   .            j - +0 pair of gloves
SInv    .            (boots unavailable)
Will    ++...        (no amulet)
Stlth   +            q - +4 ring of protection
HPRegen 0.32/turn    (no ring)
MPRegen 0.00/turn

%: infuse magic (-9 HP)
@: flying
A: sickness immunity, fire resistance 2, cold vulnerability 1, float, innate
caster, HP casting, extra vitality 1
a: no special abilities


You were on level 8 of the Dungeon.
You visited 2 branches of the dungeon, and saw 9 of its levels.

You collected 457 gold pieces.

Inventory:

Hand Weapons
 i - a +0 dagger
 l - a +2 dagger of venom (weapon)
Missiles
 r - a throwing net
Armour
 a - a +0 animal skin
 h - a +2 robe of willpower (worn)
 j - a +0 pair of gloves (worn)
Jewellery
 q - a +4 ring of protection (left hand)
Talismans
 c - a beast talisman
 d - a flux talisman
Wands
 s - a wand of flame (51)
 t - a wand of polymorph (8)
 x - a wand of mindburst (11)
 y - a wand of roots (8)
Scrolls
 e - 2 scrolls of vulnerability
 m - 5 scrolls of noise
 n - a scroll of poison {unknown}
 v - a scroll of acquirement {unknown}
 z - 2 scrolls of fog
Potions
 b - a potion of lignification
 g - 2 potions of curing {@q1}
 k - 3 potions of attraction
 o - 2 potions of cancellation
 u - 2 potions of haste {unknown}
 w - 2 potions of berserk rage {unknown}
 B - a potion of might {unknown}
Miscellaneous
 A - a lightning rod (1/4)


   Skills:
 + Level 8.4 Fighting
 + Level 7.3 Dodging
 - Level 3.0 Unarmed Combat
 * Level 8.5 Spellcasting
 * Level 8.5 Conjurations
 * Level 8.5 Hexes
   Level 0.0 Charms
 * Level 8.5 Summonings
 * Level 8.5 Necromancy
 * Level 8.5 Translocations
 * Level 8.5 Transmutations
 * Level 8.5 Fire Magic
 * Level 8.5 Ice Magic
 * Level 8.5 Air Magic
 * Level 8.5 Earth Magic
 * Level 8.5 Poison Magic
 - Level 2.7 Shapeshifting


You knew the following spells:

 Your Spells              Type           Power      Damage    Failure   Level
a - Foxfire               Conj/Fire      100%       2x1d9     1%          1
b - Scorch                Fire           60%        2d7       1%          2
c - Static Discharge      Conj/Air       60%        2-5/arc   1%          2
d - Anguish               Hex/Necr       15%        N/A       3%          4
Your spell library was empty.

Dungeon Overview and Level Annotations

Branches:
Dungeon (8/15)             Temple (1/1) D:4
   Lair: D:8-11

Altars:
Elyvilon
Fedhas
Hepliaklqana
Makhleb
Okawaru
Qazlal
Ru
Trog
Uskayaw
Wu Jian
Xom
Yredelemnul
Zin
The Shining One

Annotations:
D:4 exclusion: ogre, Natasha
D:7 3 runed translucent doors, Pikel; heikuro's ghost, novice FoFi


Innate Abilities, Weirdness & Mutations

You are immune to sickness and miasma.
You are immune to poison.
Your flesh is very heat resistant. (rF++)
You are vulnerable to cold. (rC-)
You float through the air rather than walking.
You learn spells naturally, not from books.
Your magical power is your life essence.
You have superior vitality. (+4 MHP)


Message History

You feel attractive to monsters. The bullfrog misses you.
The kobold brigand closely misses your butterfly.
The orc hits you but does no damage. The orc barely misses your butterfly.
The orc hits your butterfly with a +0 hand axe.
Your butterfly dies!
Your butterfly disappears in a burst of colours!
The bullfrog hits your butterfly!
Your butterfly dies!
Your butterfly disappears in a burst of colours!
The manticore misses you. x2; The manticore closely misses you.
It was a potion of cancellation.
Your magical effects are unravelling.
You feel magically purged.
You are no longer corroded.
The bullfrog barely misses you.
The kobold brigand hits your butterfly with a +0 whip.
Your butterfly dies!
Your butterfly disappears in a burst of colours!
The orc hits you with a +0 hand axe.
* * * LOW HITPOINT WARNING * * *
The manticore barely misses you. The manticore misses you. x2
You feel less attractive to monsters.
Casting: Scorch (safe; 1% risk of failure)
Confirm with . or Enter, or press ? or * to list all spells.
Flames lash the bullfrog.
The bullfrog is heavily wounded.
The bullfrog's fire resistance burns away.
* * * LOW HITPOINT WARNING * * *
You hear a shout!
The bullfrog hits you.
* * * LOW HITPOINT WARNING * * *
The kobold brigand hits your butterfly with a +0 whip.
Your butterfly dies!
Your butterfly disappears in a burst of colours!
The bullfrog hits you but does no damage.
The manticore bites you!
* * * LOW HITPOINT WARNING * * *
The manticore completely misses you. The manticore claws you!
You die...

### #### #.♣
#.. #.. #..
#.♣ #######
# ##♣
#♣§Hb§~♣.♣~~
♣
#§@FF§H♣o♣S~
♣.
#§§zF§g.F..~
#..


#§zKog.gzF.. #.♣ #§§§§..o5.g. #. #~~zFD~y#.~ #♣ ♣♣♣♣♣♣.§~≈#)#≈ ......o~≈~# #
♣.♣♣♣♣.C~≈# . ~~...~.# #♣. You could see a skeletal warrior, a manticore (ally
target), a kobold brigand, 3 bullfrogs, a wight and an orc.

Vanquished Creatures
  Erica (D:8)
  Joseph (D:8)
  Prince Ribbit (D:7)
  A shadow (D:6)
  Sigmund (D:4)
  A wraith (D:8)
  Edmund (D:4)
  Duvessa (D:7)
  2 water moccasins (D:6)
  7 ice beasts
  2 sky beasts (D:6)
  A black bear (D:6)
  A centaur (D:7)
  2 ogres (D:6)
  2 lemures (D:7)
  2 phantoms (D:6)
  3 bullfrogs
  A kobold brigand (D:6)
  A gnoll sergeant (D:6)
  3 scorpions
  4 wights
  Dowan (D:7)
  6 killer bees (D:7)
  5 howler monkeys (D:7)
  2 jellies
  A bullfrog zombie (D:7)
  4 hounds
  A gnoll bouda (D:7)
  2 orc priests
  3 sleepcaps
  7 iguanas
  4 orc wizards
  A howler monkey zombie (D:7)
  Robin (D:2)
  4 gnolls
  6 adders
  2 shadow imps (D:6)
  2 white imps (D:6)
  A worm (D:2)
  3 dart slugs
  19 orcs
  4 bats
  3 endoplasms (D:1)
  14 hobgoblins
  6 jackals (D:1)
  6 quokkas
  6 ball pythons
  5 frilled lizards
  15 goblins
  5 kobolds
  8 rats
186 creatures vanquished.

Vanquished Creatures (others)
  241 foxfires
241 creatures vanquished.

Grand Total: 427 creatures vanquished

Notes
Turn   | Place    | Note
-------+----------+-------------------------------------------
     0 | D:1      | freelancePsychic the Djinni Shapeshifter began the quest
                  | for the Orb.
     0 | D:1      | Reached XP level 1. HP: 17/17 MP: 0/0
   114 | D:1      | Reached XP level 2. HP: 10/23 MP: 0/0
   505 | D:1      | Reached XP level 3. HP: 23/28 MP: 0/0
   505 | D:1      | Learned a level 1 spell: Foxfire
   579 | D:1      | Reached skill level 1 in Spellcasting
   579 | D:1      | Reached skill level 1 in Conjurations
   579 | D:1      | Reached skill level 1 in Hexes
   579 | D:1      | Reached skill level 1 in Summonings
   579 | D:1      | Reached skill level 1 in Necromancy
   579 | D:1      | Reached skill level 1 in Translocations
   579 | D:1      | Reached skill level 1 in Transmutations
   579 | D:1      | Reached skill level 1 in Fire Magic
   579 | D:1      | Reached skill level 1 in Ice Magic
   579 | D:1      | Reached skill level 1 in Air Magic
   579 | D:1      | Reached skill level 1 in Earth Magic
   579 | D:1      | Reached skill level 1 in Poison Magic
   744 | D:1      | You are sucked into a shaft and drop 1 floor!
   946 | D:2      | Noticed Robin
   993 | D:1      | Reached XP level 4. HP: 34/34 MP: 0/0
  1630 | D:2      | Killed Robin
  2120 | D:3      | Reached XP level 5. HP: 40/40 MP: 0/0
  2120 | D:3      | Learned a level 2 spell: Static Discharge
  2329 | D:3      | Found a faded altar of an unknown god.
  2333 | D:3      | Found an ornate altar of the Wu Jian Council.
  2606 | D:4      | Noticed Edmund
  2813 | D:4      | Found a bloodstained altar of Trog.
  2895 | D:4      | Noticed Natasha
  2895 | D:4      | Noticed an ogre
  3141 | D:4      | Killed Edmund
  3142 | D:4      | Reached XP level 6. HP: 30/47 MP: 0/0
  3286 | D:4      | Found a staircase to the Ecumenical Temple.
  3290 | D:4      | Noticed Sigmund
  3296 | Temple   | Entered the Ecumenical Temple
  3348 | D:4      | Killed Sigmund
  3349 | D:4      | Reached XP level 7. HP: 35/52 MP: 0/0
  3349 | D:4      | Learned a level 2 spell: Scorch
  3435 | D:4      | Found a hazy altar of Hepliaklqana.
  3916 | D:5      | Entered Level 5 of the Dungeon
  3916 | D:5      | Noticed a +0 short sword
  3916 | D:5      | Noticed a +0 dagger
  3917 | D:5      | Noticed a +0 spear
  3917 | D:5      | Noticed a +0 falchion
  3917 | D:5      | Noticed a +0 spear
  3928 | D:5      | Found a hide-covered altar of Uskayaw.
  3928 | D:5      | Noticed a +0 short sword
  3930 | D:5      | Noticed a +0 falchion
  3939 | D:5      | Noticed a +0 dagger
  4778 | D:5      | Found a white marble altar of Elyvilon.
  4821 | D:5      | Reached XP level 8. HP: 55/58 MP: 0/0
  4826 | D:5      | Reached skill level 5 in Fighting
  4892 | D:5      | Found an iron altar of Okawaru.
  5172 | D:6      | Identified the +3 leather armour of Moral Flaws {Rampage
                  | Fly}
  5202 | D:6      | Reached skill level 5 in Spellcasting
  5202 | D:6      | Reached skill level 5 in Conjurations
  5202 | D:6      | Reached skill level 5 in Hexes
  5202 | D:6      | Reached skill level 5 in Summonings
  5202 | D:6      | Reached skill level 5 in Necromancy
  5202 | D:6      | Reached skill level 5 in Translocations
  5202 | D:6      | Reached skill level 5 in Transmutations
  5202 | D:6      | Reached skill level 5 in Fire Magic
  5202 | D:6      | Reached skill level 5 in Ice Magic
  5202 | D:6      | Reached skill level 5 in Air Magic
  5202 | D:6      | Reached skill level 5 in Earth Magic
  5202 | D:6      | Reached skill level 5 in Poison Magic
  5869 | D:6      | Reached XP level 9. HP: 59/66 MP: 0/0
  5869 | D:6      | Learned a level 4 spell: Anguish
  6656 | D:6      | Reached skill level 5 in Dodging
  7006 | D:7      | Noticed Dowan
  7007 | D:7      | Noticed Duvessa
  7019 | D:7      | Killed Dowan
  7024 | D:7      | Reached XP level 10. HP: 30/75 MP: 0/0
  7025 | D:7      | Killed Duvessa
  7468 | D:7      | Noticed Pikel
  7693 | D:7      | Noticed Prince Ribbit
  7705 | D:7      | Killed Prince Ribbit
  8165 | D:7      | Found a sacrificial altar of Ru.
  8306 | D:7      | Found a runed translucent gate.
  8306 | D:7      | Found a runed translucent gate.
  8306 | D:7      | Found a runed translucent gate.
  8306 | D:7      | Noticed heikuro's ghost (novice FoFi)
  8308 | D:7      | Found a basalt altar of Yredelemnul.
  9245 | D:8      | Noticed Erica
  9250 | D:8      | Killed Erica
  9395 | D:8      | Noticed Joseph
  9402 | D:8      | Killed Joseph
  9406 | D:8      | Noticed a centaur warrior
  9410 | D:8      | Identified the +12 hand axe "Owiff" {chaos, rElec rC+
                  | Dex+3}
  9410 | D:8      | Noticed a skeletal warrior
  9410 | D:8      | Noticed a manticore
  9410 | D:8      | Noticed a cyclops
  9411 | D:8      | Noticed a manticore
  9413 | D:8      | Noticed a cyclops
  9424 | D:8      | HP: 2/77 [manticore (8)]
  9424 | D:8      | Mangled by a manticore

Illustrated notes

Levels and vault maps discovered:
D:1:      lightli_molten_gateway, layout_loops_corners, minmay_strange_pillars
D:2:      layout_basic, uniq_robin
D:3:      layout_rooms, nicolae_overflow_ecumenical_swirl
D:4:      layout_loops_ring, kennysheep_little_box,
          nicolae_hepliaklqana_hazy_memory, trog_hazing_becter,
          minmay_temple_entry_crystal_x, lightli_corner_chamber, uniq_sigmund,
          uniq_natasha, uniq_edmund
D:5:      layout_basic, nicolae_uskayaw_en_pointe,
          mainiacjoe_overflow_small_starburst, okawaru_gym_becter,
          kennysheep_generic_room_14
D:6:      kennysheep_windowed_halls, layout_cave_pools, minmay_diced_spiral
D:7:      layout_loops_cross, nicolae_yredelemnul_ghost_church,
          lemuel_tele_altar, led_sif_book, roderic_lattice_a, uniq_duvessa,
          uniq_pikel, uniq_prince_ribbit1
D:8:      nzn_winding_woodlands_large [nzn_winding_woodlands_5x5_three,
          nzn_winding_woodlands_5x15_pathside_ponds,
          nzn_winding_woodlands_5x5_closed_star,
          nzn_winding_woodlands_center_triple_pond,
          nzn_winding_woodlands_15x15_eel_pit,
          nzn_winding_woodlands_center_garden,
          nzn_winding_woodlands_5x5_checkerboard,
          nzn_winding_woodlands_5x15_twine, nzn_winding_woodlands_hourglass],
          layout_loops_ring, uniq_erica, uniq_joseph
Temple:   nicolae_temple_bog_church

Skill      XL: |  1  2  3  4  5  6  7  8  9 10 |
---------------+-------------------------------+-----
Fighting       | 2 3 4 6 7 8 |  8.4
Spellcasting   | 1 2 3 4 5 7 8 |  8.5
Conjurations   | 1 2 3 4 5 7 8 |  8.5
Hexes          | 1 2 3 4 5 7 8 |  8.5
Summonings     | 1 2 3 4 5 7 8 |  8.5
Necromancy     | 1 2 3 4 5 7 8 |  8.5
Translocations | 1 2 3 4 5 7 8 |  8.5
Transmutations | 1 2 3 4 5 7 8 |  8.5
Fire Magic     | 1 2 3 4 5 7 8 |  8.5
Ice Magic      | 1 2 3 4 5 7 8 |  8.5
Air Magic      | 1 2 3 4 5 7 8 |  8.5
Earth Magic    | 1 2 3 4 5 7 8 |  8.5
Poison Magic   | 1 2 3 4 5 7 8 |  8.5
Dodging        | 3 5 7 |  7.3
Unarmed Combat | |  3.0
Shapeshifting  | |  2.7

Action                     |  1- 3 |  4- 6 |  7- 9 | 10-12 || total
---------------------------+-------+-------+-------+-------++-------
  Melee: Unarmed           |    29 |       |       |       ||    29
         Dagger            |    64 |    98 |       |    33 ||   195
         Punch             |     2 |       |       |     2 ||     4
  Throw: Throwing net      |       |     2 |       |       ||     2
   Cast: Foxfire           |     5 |    37 |    51 |    42 ||   135
         Scorch            |       |       |   133 |    91 ||   224
         Anguish           |       |       |     3 |     4 ||     7
  Evoke: Wand              |       |     1 |       |     1 ||     2
         Lightning rod     |       |       |       |     4 ||     4
    Use: Scroll            |     1 |     2 |     3 |     5 ||    11
         Potion            |       |       |       |     9 ||     9
   Stab: Sleeping          |       |     1 |       |       ||     1
         Held in net/web   |       |     1 |       |       ||     1
 Armour: Animal skin       |     4 |       |       |       ||     4
         Robe              |    23 |    40 |    19 |    19 ||   101
         Skin              |       |       |       |     6 ||     6
  Dodge: Dodged            |    46 |    68 |    58 |   102 ||   274
         Form:             |     1 |       |       |       ||     1

Table legend: (Time is in decaauts)
 A = Elapsed time spent in this place.
 B = Non-inter-level travel time spent in this place.
 C = Inter-level travel time spent in this place.
 D = Time resting spent in this place.
 E = Time spent auto-exploring this place.
 F = Levels seen in this place.
 G = Mean time per level.
                   A        B        C        D        E       F      G
               +--------+--------+--------+--------+--------+-----+--------+
         Total |   9423 |   9158 |    265 |    445 |   7254 |   9 | 1047.0 |
       Dungeon |   9380 |   9115 |    265 |    445 |   7213 |   8 | 1172.5 |
        Temple |     42 |     42 |      0 |      0 |     41 |   1 |   42.0 |
               +--------+--------+--------+--------+--------+-----+--------+

Top non-repeatable levels by time:
     D:7: 1927 daAuts
     D:6: 1899 daAuts
     D:4: 1586 daAuts
     D:5: 1064 daAuts
     D:1: 1056 daAuts
     D:2: 979 daAuts
     D:3: 434 daAuts
     D:8: 432 daAuts
  Temple: 42 daAuts
